 Dungeon Crawl Stone Soup version 0.23.2-1-ga50397a (webtiles) character file.

Game seed: 281188823697733040

221079 Monsterracer the Warrior (level 19, -1/209 HPs)
             Began as an Ogre Wizard on May 3, 2019.
             Was a High Priest of Ashenzari.
             Slain by a spatial maelstrom (10 damage)
             ... on level 4 of the Abyss.
             The game lasted 02:25:42 (57255 turns).

Monsterracer the Warrior (Ogre Wizard)             Turns: 57255, Time: 02:25:46

Health: -1/209     AC: 15    Str: 15    XL:     19   Next: 59%
Magic:  24/26      EV: 12    Int: 24    God:    Ashenzari [*****.]
Gold:   168        SH: 13    Dex:  4    Spells: 5/48 levels left

rFire    + . .     SeeInvis +   a - +2 demon whip (venom) (curse)
rCold    + . .     Gourm    .   W - +1 shield {reflect} (curse)
rNeg     + . .     Faith    .   P - +2 robe {rC+ rF+} (curse)
rPois    +         Spirit   .   T - +2 hat {MR+} (curse)
rElec    .         Reflect  +   B - +2 ratskin cloak {+Rats rPois rN+ Str-1 Int-1 Dex+1} (curse)
rCorr    .         Harm     .   (gloves unavailable)
MR       +++..     Clarity  +   (boots unavailable)
Stlth    ++........             G - +3 amulet of reflection (curse)
HPRegen  0.00/turn              N - +4 ring of protection (curse)
MPRegen  0.20/turn              M - ring of protection from magic (curse)

@: lightly drained
A: large, unfitting armour, iridescent scales 1, [blurry vision 2], [clumsy 2],
[deformed body], deterioration 1[+1], [low mp 3], sense surroundings 1,
[inhibited regeneration], tough skin 1, [subdued magic 2]
a: Curse Item, Scrying, Transfer Knowledge, Renounce Religion, Evoke Ratskin


You were on level 4 of the Abyss.
You worshipped Ashenzari.
Ashenzari was extremely pleased with you.
You were not hungry.

You visited 5 branches of the dungeon, and saw 24 of its levels.
You visited the Abyss 1 time.
You also visited: Sewer and Ossuary.

You collected 2260 gold pieces.
You spent 2092 gold pieces at shops.


Innate Abilities, Weirdness & Mutations

You are too large for most types of armour.
You have tough skin. (AC +1)
You are partially covered in iridescent scales. (AC +2)
You passively map a small area around you.
[Scrolls take you longer to read.]
[You are very clumsy. (Dex -4)]
[Armour fits poorly on your strangely shaped body.]
[Your body often deteriorates upon taking damage.]
[Your magical capacity is extremely low. (-30% MP)]
[You do not regenerate when monsters are visible.]
[Your spells are easier to cast, but less powerful.]


   Skills:
 + Level 17.5(17.2) Fighting
   Level 3.2(7.5) Axes
 - Level 10.1(13.7) Maces & Flails
 + Level 9.3(12.9) Dodging
 - Level 1.4(3.8) Stealth
 - Level 6.6(9.1) Shields
 + Level 15.2(15.0) Spellcasting
 + Level 13.6(16.9) Conjurations
 - Level 2.7(5.8) Hexes
 - Level 2.9(6.1) Charms
 - Level 3.0(6.2) Summonings
 - Level 3.0(6.2) Translocations
 - Level 5.7(9.5) Fire Magic
 - Level 6.1(9.9) Ice Magic
 - Level 2.3(5.2) Earth Magic
 - Level 6.5(10.3) Poison Magic
 - Level 7.4(11.2) Evocations


You had 5 spell levels left.
You knew the following spells:

 Your Spells              Type           Power        Failure   Level  Hunger
a - Magic Dart            Conj           ####         0%          1    None
b - Conjure Flame         Conj/Fire      ######..     0%          3    None
c - Stone Arrow           Conj/Erth      #####.       1%          3    None
d - Fireball              Conj/Fire      ######....   1%          5    ##.....
e - Blink                 Tloc           N/A          1%          2    None
f - Sticky Flame          Conj/Fire      ######..     1%          4    None
g - Fulminant Prism       Conj/Hex       #####.....   1%          4    None
h - Mephitic Cloud        Conj/Pois/Air  #####...     1%          3    None
i - Bolt of Cold          Conj/Ice       ######....   1%          6    ####...
j - Olgreb's Toxic Radia  Pois           #####...     1%          4    None
k - Ozocubu's Armour      Chrm/Ice       #####...     1%          3    None
l - Summon Ice Beast      Ice/Summ       #####...     1%          4    None
z - Apportation           Tloc           ####..       1%          1    None

Your spell library contained the following spells:

 Spells                   Type           Power        Failure   Level  Hunger
 Flame Tongue             Conj/Fire      #####        0%          1    None
 Freeze                   Ice            ####         0%          1    None
 Sting                    Conj/Pois      ####         0%          1    None
 Searing Ray              Conj           ######       0%          2    None
 Throw Flame              Conj/Fire      ######       0%          2    None
 Throw Frost              Conj/Ice       ######       0%          2    None
 Iskenderun's Mystic Bla  Conj           ######..     0%          4    None
 Animate Skeleton         Necr           N/A          1%          1    None
 Beastly Appendage        Tmut           ##....       1%          1    None
 Confusing Touch          Hex            ####..       1%          1    None
 Summon Small Mammal      Summ           ####         1%          1    None
 Call Imp                 Summ           ####....     1%          2    None
 Passwall                 Tmut/Erth      ###.....     1%          2    None
 Poisonous Vapours        Pois/Air       ####..       1%          2    None
 Slow                     Hex            ####....     1%          2    None
 Call Canine Familiar     Summ           ####....     1%          3    None
 Dazzling Spray           Conj/Hex       #####.       1%          3    None
 Inner Flame              Hex/Fire       ####....     1%          3    None
 Force Lance              Conj/Tloc      #####...     1%          4    None
 Ice Form                 Ice/Tmut       ####....     1%          4    None
 Leda's Liquefaction      Hex/Erth       ####......   1%          4    None
 Throw Icicle             Conj/Ice       ######..     1%          4    None
 Metabolic Englaciation   Hex/Ice        #####.....   1%          5    ##.....
 Venom Bolt               Conj/Pois      ######....   1%          5    ##.....
 Corpse Rot               Necr           N/A          2%          2    None
 Summon Demon             Summ           ####......   4%          5    ##.....
 Summon Forest            Summ/Tloc      ####......   4%          5    ##.....
 Alistair's Intoxication  Tmut/Pois      ####....     6%          5    ##.....
 Yara's Violent Unravell  Hex/Tmut       ###.......   17%         5    ##.....
 Borgnjor's Vile Clutch   Necr/Erth      ###.......   19%         5    ##.....
 Blade Hands              Tmut           ##........   50%         5    ##.....
 Ozocubu's Refrigeration  Ice            #####.....   5%          6    ####...
 Freezing Cloud           Conj/Ice/Air   #####.....   8%          6    ####...
 Simulacrum               Ice/Necr       ####......   41%         6    ####...
 Statue Form              Tmut/Erth      ###......    77%         6    ####...
 Summon Hydra             Summ           ####......   87%         7    ######.
 Hydra Form               Tmut           ##........   98%         6    ####...

Inventory:

Hand Weapons
 a - a cursed +2 demon whip of venom (weapon)
   (You took it off a spriggan defender on level 3 of the Depths)
Missiles
 D - a throwing net (quivered) {!f}
Armour
 B - the cursed +2 ratskin cloak (worn) {+Rats rPois rN+ Str-1 Int-1 Dex+1}
   (You found it on level 6 of the Dungeon)

   It affects your strength (-1).
   It affects your intelligence (-1).
   It affects your dexterity (+1).
   It protects you from poison.
   It protects you from negative energy.
   It has a curse placed upon it.
 P - a cursed +2 robe of resistance (worn)
   (You took it off an orc sorcerer on level 1 of the Orcish Mines)
 T - a cursed +2 hat of magic resistance (worn)
   (You took it off Gastronok on level 11 of the Dungeon)
 W - a cursed +1 shield of reflection (worn)
   (You bought it in a shop on level 2 of the Orcish Mines)
Jewellery
 E - the amulet of Rist {Regen+ SInv}
   (You found it on level 3 of the Depths)

   [amulet of regeneration]

   It lets you see invisible.
   It increases your rate of regeneration.
 G - a cursed +3 amulet of reflection (around neck)
   (You bought it in a shop on level 7 of the Dungeon)
 M - a cursed ring of protection from magic (right hand)
   (You bought it in a shop on level 7 of the Dungeon)
 N - a cursed +4 ring of protection (left hand)
   (You found it on level 9 of the Dungeon)
Wands
 b - a wand of flame (28)
   (You found it on level 7 of the Dungeon)
 q - a wand of polymorph (16)
   (You took it off Sigmund on level 3 of the Dungeon)
 v - a wand of acid (7)
   (You found it on level 10 of the Dungeon)
 x - a wand of paralysis (17)
   (You found it on level 9 of the Dungeon)
 F - a wand of disintegration (58)
   (You took it off an orc on level 11 of the Dungeon)
 L - a wand of clouds (4)
   (You found it on level 7 of the Dungeon)
 U - a wand of iceblast (13)
   (You found it on level 10 of the Dungeon)
Scrolls
 f - a scroll of identify
 m - 5 scrolls of magic mapping
 o - 3 scrolls of amnesia
 r - a scroll of remove curse
 s - a scroll of summoning {!r}
 t - 2 scrolls of teleportation {!r}
 y - a scroll of fear {!r}
 A - 6 scrolls of immolation {!r}
 H - 10 scrolls of fog
 J - a scroll of holy word
 X - 3 scrolls of blinking
Potions
 e - 7 potions of curing
 g - 5 potions of agility
 h - 11 potions of haste
 j - 4 potions of might
 k - 3 potions of lignification
 l - a potion of ambrosia {!q}
 p - 3 potions of resistance
 u - 5 potions of magic
 w - 3 potions of invisibility
 z - 2 potions of brilliance
 C - a potion of mutation {!q}
 I - 5 potions of flight
 K - a potion of berserk rage {!q}
 R - 2 potions of cancellation
Miscellaneous
 i - a box of beasts
 n - a phial of floods (inert)
   (You found it on level 1 of the Depths)
Comestibles
 c - 23 rations

Dungeon Overview and Level Annotations

Branches:
Dungeon (15/15) Temple (1/1) D:7 Lair (0/6) D:11 Orc (2/2) D:11 Elf (2/3) Orc:2 Vaults (0/5) D:12 D:13 Depths (4/5) D:15

Altars:
Ashenzari
Cheibriados
Dithmenos
Elyvilon
Fedhas
Gozag
Hepliaklqana
Kikubaaqudgha
Makhleb
Nemelex Xobeh
Okawaru
Qazlal
Ru
Sif Muna
Trog
Uskayaw
Vehumet
Wu Jian
Xom
Yredelemnul
Zin
The Shining One
Beogh

Shops:
D:7 =   D:8 ?   D:12 (   D:13 *   D:14 }   Orc:1 *   Orc:2 %*%!   Elf:1 =
Elf:2 %   Depths:3 [

Portals:
Hell: Depths:1 Depths:2 Depths:3
Abyss: Depths:4
Pandemonium: Depths:3
Ziggurat: Depths:3

Annotations:
D:11 exclusion: downstairs
D:12 2 transporters, Tramtrist's ghost, journeyman DDFi
Elf:2 3 runed translucent doors
Depths:1 Sojobo
Depths:2 exclusion: 4 doors

.#.######.# ,,**, , ,
#..Xv,.#..*{ ,{ ..,.#,,'
,, * ..#.....{# # #.,.. ,
, .3#hX#.{...#### .{.. {
,, .v.X...§{...##. .#X {,
,,, , .§v3#X.{{{{,##.{.{,
, , , .{ ...Xk{{..#vv#.##{
' , ,
,.#§XXhv{{####.X#.#..* {
,, , ##..{§X{vX##v.##@#.#
, , *#.
.{v{{GXv#XXvX.v..... ,
#♣*♣.#v{vvXXXXX#v...##.***
, #h .....x*hXvX#{...## ,,
, , *{♣.♣#..v.*.4##v#.###,
,,,**, , ####.#vv.
....#,** ,, ** * ,
..#v..##.#.v.#, , , , * *
* ..###.#.##.....# ,,* ,
** ## ##.## #,,##., ,*


You could see 4 starcursed masses, a tentacled starspawn, 2 spatial maelstroms,
2 wretched stars, 10 spatial vortices, 4 thrashing horrors, 2 large
abominations, a hellwing, a worldbinder and a raiju.


Message History

A deafening chorus of shrieks assaults your mind!
* * * LOW HITPOINT WARNING * * *
2 spatial vortices come into view.
You take 7 damage, and have 48/209 hp.
Unknown command.
The thrashing horror tramples you!
* * * LOW HITPOINT WARNING * * *
You stumble backwards!
A spatial vortex comes into view.
A deafening chorus of shrieks assaults your mind!
* * * LOW HITPOINT WARNING * * *
A starcursed mass splits. x2
The raiju bursts into living lightning!
The living lightning hits you!
* * * LOW HITPOINT WARNING * * *
The raiju blinks!
You hear a bark!
You take 30 damage, and have 18/209 hp.
You feel much better.
The thrashing horror roars!
You block the thrashing horror's attack. x2
The thrashing horror tramples you.
* * * LOW HITPOINT WARNING * * *
You hold your ground!
The thrashing horror tramples you but does no damage.
The wretched star pulses with an eldritch light!
Your regeneration stops near monsters.
Your vision blurs. x2
The ynoxinul gestures.
A raiju comes into view.
You block the thrashing horror's attack.
The thrashing horror tramples you but does no damage.
A chorus of shrieks assaults your mind.
* * * LOW HITPOINT WARNING * * *
A starcursed mass splits.
The raiju completely misses you.
Unknown command.
You regained 20 hp, and now have 38/209 hp.
Casting: Blink (safe; 1% risk of failure)
Confirm with . or Enter, or press ? or * to list all spells.
You blink.
The glowing orange brain pulsates.
Something tries to feed on your intellect!
The wretched star pulses with an eldritch light!
You feel less energetic.
The starcursed mass engulfs you but does no damage.
A spatial vortex comes into view.
You now have 25/26 mp.
Unknown command.
Unknown command.
Casting: Blink (safe; 1% risk of failure)
Confirm with . or Enter, or press ? or * to list all spells.
You blink.
A tentacled starspawn comes into view.
You block the starcursed mass's attack.
The starcursed mass engulfs you but does no damage. 3 spatial vortices come into view.
You now have 23/26 mp.
Okay, then.
A spatial vortex comes into view.
The spatial vortex hits you.
* * * LOW HITPOINT WARNING * * *
Space bends around you.
* * * LOW HITPOINT WARNING * * *
You block the spatial vortex's attack. A chorus of shrieks assaults your mind.
* * * LOW HITPOINT WARNING * * *
The spatial vortex moves out of view.
You take 15 damage, and have 23/209 hp.
Unknown command.
You feel much better.
The manticore disappears in a puff of smoke!
The wretched star pulses with an eldritch light!
You feel your body start to fall apart. The spatial maelstrom misses you.
You block the spatial maelstrom's attack.
The wretched star pulses with an eldritch light!
Your connection to magic feels subdued.
Your connection to magic feels more subdued.
Unknown command.
Unknown command.
Unknown command.
You regained 22 hp, and now have 45/209 hp.
Unknown command.
The large abomination hits you!!
* * * LOW HITPOINT WARNING * * *
The thrashing horror tramples you but does no damage.
You block the thrashing horror's attack.
The spatial vortex closely misses you.
A starcursed mass splits.
You hear a roar!
A spatial vortex comes into view.
Unknown command.
You take 29 damage, and have 16/209 hp.
Okay, then.
Really read with blurry vision while enemies are nearby?
You hear a roar! x2
The thrashing horror tramples you.
* * * LOW HITPOINT WARNING * * *
You hold your ground!
The thrashing horror tramples you.
* * * LOW HITPOINT WARNING * * *
You hold your ground!
The spatial maelstrom hits you!
You die...

Skill      XL: |  1  2  3  4  5  6  7  8  9 10 11 12 13 14 15 16 17 18 19 |
---------------+----------------------------------------------------------+-----
Conjurations   | 1 2 3 4 5 6 7 9 10 11 12 13 | 13.6
Fighting       | 1 2 4 6 9 10 11 12 13 15 16 17 | 17.5
Spellcasting   | 4 5 6 7 8 10 12 13 14 15 | 15.2
Translocations | 2 3 |  3.0
Maces & Flails | 2 3 5 6 8 10 | 10.1
Evocations     | 2 3 4 5 7 |  7.4
Summonings     | 1 3 |  3.0
Dodging        | 2 4 5 7 8 9 |  9.3
Poison Magic   | 4 6 |  6.5
Hexes          | 2 |  2.7
Axes           | 3 |  3.2
Shields        | 5 6 |  6.6
Fire Magic     | 1 2 4 5 |  5.7
Earth Magic    | 2 |  2.3
Ice Magic      | 2 5 6 |  6.1
Charms         | 2 |  2.9
Stealth        | |  1.4

Action                   |  1- 3 |  4- 6 |  7- 9 | 10-12 | 13-15 | 16-18 | 19-21 || total
-------------------------+-------+-------+-------+-------+-------+-------+-------++-------
Melee: Unarmed           |    16 |       |       |       |       |       |       ||    16
       Club              |       |    16 |    76 |       |       |       |       ||    92
       Trident           |       |       |    31 |       |       |       |       ||    31
       Mace              |       |       |       |   556 |   584 |       |       ||  1140
       Morningstar       |       |       |       |       |       |   171 |       ||   171
       Demon whip        |       |       |       |       |       |    36 |   284 ||   320
 Cast: Magic Dart        |    87 |   128 |   335 |   591 |   145 |     1 |       ||  1287
       Call Imp          |     2 |       |    16 |     1 |       |       |       ||    19
       Mephitic Cloud    |       |     5 |     3 |    34 |    25 |     2 |     2 ||    71
       Conjure Flame     |       |       |    18 |    30 |    22 |     2 |       ||    72
       Fulminant Prism   |       |       |       |    35 |    54 |    46 |    16 ||   151
       Olgreb's Toxic Ra |       |       |       |    34 |    90 |     9 |     4 ||   137
       Iskenderun's Myst |       |       |       |    12 |    25 |       |       ||    37
       Blink             |       |       |       |     2 |    11 |    12 |    12 ||    37
       Sticky Flame      |       |       |       |       |    12 |    26 |    11 ||    49
       Stone Arrow       |       |       |       |       |   276 |   228 |    71 ||   575
       Bolt of Cold      |       |       |       |       |     3 |    26 |     1 ||    30
       Fireball          |       |       |       |       |       |    27 |     9 ||    36
       Summon Ice Beast  |       |       |       |       |       |    21 |    17 ||    38
       Ozocubu's Armour  |       |       |       |       |       |     3 |     3 ||     6
Invok: Curse Item        |       |       |     2 |     4 |     4 |     1 |       ||    11
Evoke: Wand              |       |       |     1 |     2 |       |    13 |     1 ||    17
       Phial of floods   |       |       |       |       |       |     4 |     2 ||     6
  Use: Scroll            |       |       |     5 |    10 |    12 |    17 |     3 ||    47
       Potion            |       |       |       |       |     2 |     7 |     5 ||    14
 Stab: Confused          |       |     1 |     3 |    10 |    13 |       |       ||    27
       Distracted        |       |       |       |       |       |     2 |       ||     2
  Eat: Chunk             |     2 |     4 |    14 |    35 |    38 |    26 |     6 ||   125
       Ration            |       |     1 |     3 |     1 |     4 |     8 |     4 ||    21
Armor: Robe              |     6 |     3 |    24 |       |     1 |    87 |    87 ||   208
       Troll leather arm |       |       |    16 |   282 |   240 |       |       ||   538
Dodge: Dodged            |    16 |    23 |    64 |   362 |   311 |   161 |   144 ||  1081
Block: Other             |       |       |       |    13 |    12 |       |       ||    25
       Shield            |       |       |       |       |   387 |   229 |   207 ||   823
       Reflection        |       |       |       |       |    35 |    18 |     7 ||    60

Levels and vault maps discovered:
D:1:      psy_arrival_fountain, layout_basic, st_stairs_4, nemelex_altar_shiori
D:2:      cheibrodos_old_hovel, layout_basic, uniq_jessica
D:3:      layout_loops_ring, nicolae_qazlal_style_of_elements, uniq_sigmund,
          uniq_natasha, uniq_robin
D:4:      layout_basic, kiku_gazebo_pond_becter, uniq_pikel, uniq_edmund
D:5:      layout_rooms, first_ration, chequers_serial_rivers_small_a
D:6:      wander_guarded_unrand_ratskin, layout_basic, portal_sewer_entry_c,
          minmay_misc_feat_ornament
D:7:      layout_basic, minmay_temple_entry_statues_fountains, serial_shops,
          kennysheep_mini_moat, uniq_harold, uniq_menkaure
D:8:      layout_rooms, enter_ossuary_2, serial_shops, shop, uniq_prince_ribbit1
D:9:      layout_stronghold, enter_bailey_7, gammafunk_ghost_stat_death
D:10:     layout_basic, the_bakery
D:11:     minmay_the_grid_3x2 [minmay_the_grid_garden, minmay_the_grid_box_x,
          minmay_the_grid_all_tris, minmay_the_grid_tiny_cups,
          minmay_the_grid_aliased_spiral, minmay_the_grid_prize_inner_circle],
          layout_loops_cross, david_lair_generic, david_orc_4, uniq_erolcha,
          uniq_gastronok
D:12:     layout_long_grid, serial_rivers, chequers_serial_rivers_room_b,
          chequers_serial_rivers_micro_e, chequers_serial_rivers_room_b,
          chequers_serial_rivers_small_a, chequers_serial_rivers_small_b,
          gammafunk_ghost_wrathful_warriors, kennysheep_diamond,
          kennysheep_generic_room_3
D:13:     dragon1_lemuel, layout_basic, david_vaults_3, serial_shops,
          kennysheep_little_box
D:14:     layout_big_octagon, minmay_misc_feat_secret_circle, serial_shops,
          shop, minmay_fractal_squares_gapless_7
D:15:     gammafunk_depths_entry_grave, layout_basic, minmay_misc_feat_room,
          minmay_unpleasant_kobolds
Temple:   minmay_crystal_snake_temple
Orc:1:    layout_caves, gammafunk_ghost_arena, minmay_shop_mass
Orc:2:    st_orc_elflike, layout_caves, basic_altar
Elf:1:    elf_arrival_002, layout_loops_ring, serial_glass, glass_columns_a,
          glass_columns_a, glass_columns_b, glass_columns_a, glass_columns_c,
          serial_shops, shop, hangedman_elf_represent
Elf:2:    layout_geoelf_octagon, serial_shops, nicolae_shop_window_shopping
Depths:1: layout_forbidden_donut, chequers_serial_rivers_large_b, hell_entry,
          hangedman_decor_peaks_small, hangedman_decor_diamond_cutter,
          grunt_ministairs_5, minmay_misc_feat_rugged, minmay_misc_feat_encased,
          nrook_campfire, chequers_serial_rivers_micro_e, minmay_fountain_box,
          grunt_decor_one_mirror, corexii_corridor_pit,
          hangedman_research_metamorphosis, uniq_sojobo
Depths:2: hangedman_slaughterboxes, hell_entry
Depths:3: minmay_broken_ring, layout_long_grid, enter_ziggurat_a, pan_entry,
          hell_entry, minmay_misc_feat_columns, serial_shops,
          nicolae_shop_temple_entry_statues_fountains, uniq_saint_roka,
          uniq_aizul
Depths:4: minmay_connected_boxes_in_corner, layout_small_grid,
          nicolae_abyss_entry_one_way_or_another, pf_vacation_house_of_asmodeus,
          kennysheep_cross_bottleneck,
          hangedman_abyss_or_decor_jellyfish_corner, minmay_swirly_circle
Abyss:1
Abyss:2:  minivault_25
Abyss:3
Abyss:4:  hangedman_abyss_monster_moat, grunt_abyss_rune_forest_and_sorcery,
          evilmike_abyss_exit_17, minivault_13
Sewer:    sewer_co_purgy_island
Ossuary:  ossuary_due_pyramid

Notes
Turn   | Place    | Note
-------+----------+-------------------------------------------
     0 | D:1      | Monsterracer the Ogre Wizard began the quest for the Orb.
     0 | D:1      | Reached XP level 1. HP: 16/16 MP: 5/5
    19 | D:1      | Reached skill level 1 in Conjurations
   393 | D:1      | Reached XP level 2. HP: 21/24 MP: 0/6
   397 | D:1      | Learned a level 2 spell: Blink
   400 | D:1      | Learned a level 2 spell: Call Imp
   604 | D:1      | Found a sparkling altar of Nemelex Xobeh.
   954 | D:1      | Reached XP level 3. HP: 31/31 MP: 5/8
   960 | D:1      | Learned a level 3 spell: Conjure Flame
  1765 | D:2      | Reached XP level 4. HP: 32/39 MP: 0/9
  2042 | D:2      | Reached XP level 5. HP: 45/45 MP: 6/10
  2537 | D:2      | Noticed Jessica
  2549 | D:2      | Learned a level 3 spell: Mephitic Cloud
  2556 | D:2      | Killed Jessica
  3024 | D:3      | Noticed Robin
  3089 | D:2      | Killed Robin
  3089 | D:2      | Reached skill level 5 in Conjurations
  3200 | D:3      | Noticed Sigmund
  3257 | D:3      | Killed Sigmund
  3257 | D:3      | Reached skill level 1 in Fighting
  3257 | D:3      | Reached XP level 6. HP: 51/57 MP: 0/12
  3543 | D:3      | Noticed a fire elemental
  3562 | D:3      | Found a stormy altar of Qazlal.
  3644 | D:3      | Reached skill level 2 in Fighting
  3716 | D:3      | Noticed Natasha
  3729 | D:3      | Killed Natasha
  4062 | D:3      | Noticed an air elemental
  4065 | D:3      | Noticed a water elemental
  4066 | D:3      | Noticed Natasha
  4074 | D:3      | Killed Natasha
  4140 | D:3      | Noticed Natasha
  4149 | D:3      | Killed Natasha
  4149 | D:3      | Reached XP level 7. HP: 66/66 MP: 0/13
  4543 | D:4      | Noticed Pikel
  4551 | D:4      | Killed Pikel
  4551 | D:4      | Reached skill level 4 in Fighting
  4551 | D:4      | Reached skill level 5 in Spellcasting
  4551 | D:4      | Reached XP level 8. HP: 69/78 MP: 2/15
  4755 | D:4      | Found an ancient bone altar of Kikubaaqudgha.
  5122 | D:4      | Reached skill level 1 in Translocations
  5153 | D:4      | Noticed Edmund
  5176 | D:4      | Killed Edmund
  5550 | D:5      | Entered Level 5 of the Dungeon
  5556 | D:5      | Reached skill level 1 in Maces & Flails
  5573 | D:4      | Reached skill level 5 in Fighting
  5905 | D:5      | Reached skill level 1 in Evocations
  6211 | D:5      | HP: 40/81 [water moccasin (6)]
  6216 | D:5      | HP: 36/81 [poisoned by a water moccasin]
  6221 | D:5      | HP: 34/83 [poisoned by a water moccasin]
  6227 | D:5      | HP: 33/83 [poisoned by a water moccasin]
  6233 | D:5      | HP: 32/83 [poisoned by a water moccasin]
  6241 | D:5      | HP: 32/83 [poisoned by a water moccasin]
  6591 | D:5      | HP: 39/83 [iguana (5)]
  6614 | D:5      | Reached skill level 1 in Summonings
  7069 | D:6      | Reached skill level 6 in Fighting
  7205 | D:6      | Found a glowing drain.
  7276 | Sewer    | Entered a sewer
  7354 | Sewer    | Noticed Purgy
  7364 | Sewer    | Killed Purgy
  7799 | D:6      | Reached XP level 9. HP: 92/92 MP: 0/16
  8087 | D:6      | Reached skill level 7 in Fighting
  8202 | D:6      | HP: 39/93 [hell rat (9)]
  8237 | D:6      | HP: 41/93 [river rat (9)]
  8245 | D:6      | HP: 40/93 [river rat (3)]
  8249 | D:6      | HP: 13/93 [river rat (8)]
  8611 | D:6      | Found the +2 ratskin cloak {+Rats rPois rN+ Str-1 Int-1
                  | Dex+1}
  9195 | D:7      | Found a staircase to the Ecumenical Temple.
  9203 | Temple   | Entered the Ecumenical Temple
  9388 | Temple   | Became a worshipper of Ashenzari the Shackled
  9718 | D:7      | Noticed Menkaure
  9738 | D:7      | Killed Menkaure
 10058 | D:7      | Noticed Harold
 10094 | D:7      | HP: 40/94 [Harold/+0 morningstar (21)]
 10108 | D:7      | HP: 30/94 [Harold/+0 morningstar (19)]
 10110 | D:7      | Killed Harold
 10110 | D:7      | Reached skill level 8 in Fighting
 11209 | D:7      | Reached skill level 9 in Fighting
 11209 | D:7      | Reached XP level 10. HP: 105/107 MP: 10/19
 11313 | D:7      | Identified the +2 dagger of Jasik {vamp, Int+3 Dex+4}
 11577 | D:7      | Found Bix Emia's Jewellery Shop.
 11703 | D:7      | Bought an uncursed ring of protection from magic for 350
                  | gold pieces
 11918 | D:8      | Found a sand-covered staircase.
 11927 | Ossuary  | Entered an ossuary
 12688 | D:8      | Reached skill level 10 in Fighting
 12773 | D:8      | Noticed Prince Ribbit
 12991 | D:8      | Reached * piety under Ashenzari
 13328 | D:8      | Killed Prince Ribbit
 13459 | D:8      | Found Tiret's Magic Scroll Shoppe.
 13466 | D:8      | Bought a scroll of fear for 42 gold pieces
 13575 | D:8      | Learned a level 4 spell: Olgreb's Toxic Radiance
 13868 | D:9      | Found a flagged portal.
 14031 | D:9      | Reached skill level 1 in Poison Magic
 14161 | D:9      | Reached skill level 5 in Maces & Flails
 14268 | D:8      | Bought a scroll of remove curse for 36 gold pieces
 14615 | D:9      | Learned a level 4 spell: Iskenderun's Mystic Blast
 14620 | D:9      | Learned a level 4 spell: Fulminant Prism
 14810 | D:9      | Noticed schauveau's ghost (novice CeAM)
 14812 | D:9      | Found a transporter.
 14891 | D:9      | Found a transporter.
 15093 | D:10     | Entered Level 10 of the Dungeon
 15625 | D:10     | Reached XP level 11. HP: 117/117 MP: 16/22
 16025 | D:10     | HP: 56/117 [troll (13)]
 16200 | D:10     | Reached ** piety under Ashenzari
 17000 | D:11     | Reached skill level 5 in Poison Magic
 17171 | D:11     | Noticed a seven-headed hydra
 17172 | D:11     | Reached skill level 1 in Hexes
 17193 | D:11     | Killed a seven-headed hydra
 17386 | D:11     | HP: 54/117 [troll (10)]
 17652 | D:11     | Noticed a centaur warrior
 17652 | D:11     | Noticed a cyan ugly thing
 17653 | D:11     | Noticed a green ugly thing
 17659 | D:11     | Killed a cyan ugly thing
 17661 | D:11     | Killed a green ugly thing
 17661 | D:11     | HP: 53/117 [centaur warrior/arrow (11)]
 17665 | D:11     | Killed a centaur warrior
 17787 | D:11     | Noticed a green ugly thing
 17812 | D:11     | Killed a green ugly thing
 18016 | D:11     | Noticed Erolcha
 18028 | D:11     | Killed Erolcha
 18028 | D:11     | Reached XP level 12. HP: 126/126 MP: 9/24
 18761 | D:11     | Found a staircase to the Lair.
 18891 | D:11     | Noticed Gastronok
 18979 | D:11     | Killed Gastronok
 20116 | D:11     | Found a staircase to the Orcish Mines.
 20281 | D:7      | Bought a +3 amulet of reflection for 219 gold pieces
 20430 | Orc:1    | Entered Level 1 of the Orcish Mines
 20780 | Orc:1    | Reached skill level 11 in Fighting
 21111 | Orc:1    | Found Jeyxul's Mass Market.
 21230 | Orc:1    | Noticed myga's ghost (journeyman TrBe)
 21235 | Orc:1    | Found a transporter.
 21285 | Orc:1    | Reached skill level 10 in Conjurations
 21628 | Orc:1    | Found a transporter.
 21763 | Orc:2    | Entered Level 2 of the Orcish Mines
 21955 | Orc:1    | Killed myga's ghost
 21955 | Orc:1    | Reached skill level 10 in Spellcasting
 22232 | Orc:2    | Noticed a two-headed ogre
 22255 | Orc:2    | Killed a two-headed ogre
 22255 | Orc:2    | Reached XP level 13. HP: 73/137 MP: 16/27
 22297 | Orc:2    | Noticed an orc warlord
 22309 | Orc:2    | HP: 62/137 [orc warlord/+0 great sword (21)]
 22358 | Orc:1    | HP: 60/137 [orc warlord/+0 great sword (10)]
 22364 | Orc:1    | HP: 52/137 [orc warlord/+0 great sword (9)]
 22577 | Orc:1    | Killed an orc warlord
 22577 | Orc:1    | Reached skill level 1 in Axes
 22683 | Orc:2    | HP: 62/137 [orc warrior/+0 dire flail[an orc warlord] (13)]
 23038 | Orc:2    | Found a staircase to the Elven Halls.
 23144 | Orc:2    | Reached *** piety under Ashenzari
 23176 | Orc:2    | Reached skill level 5 in Dodging
 23529 | Orc:2    | Found a roughly hewn altar of Beogh.
 24017 | Orc:2    | Reached skill level 12 in Fighting
 24074 | Orc:2    | HP: 68/140 [orc knight/+0 great mace (26)]
 24658 | Orc:2    | Found Coto's Assorted Antiques.
 24662 | Orc:2    | Found Judy's Distillery.
 24668 | Orc:2    | Found Fen Wuc's Food Shop.
 24670 | Orc:2    | Found Essukom's Food Shoppe.
 24874 | Orc:2    | Bought a runed shield for 172 gold pieces
 24888 | Orc:2    | Bought a potion of invisibility for 112 gold pieces
 24888 | Orc:2    | Bought 2 potions of haste for 280 gold pieces
 24888 | Orc:2    | Bought a potion of haste for 140 gold pieces
 25002 | D:12     | Learned a level 4 spell: Sticky Flame
 25011 | D:12     | Reached skill level 1 in Shields
 25506 | D:12     | Found Usasyry's Antique Weapon Boutique.
 26528 | D:12     | Noticed Tramtrist's ghost (journeyman DDFi)
 26532 | D:12     | Identified the +10 dire flail of Objectivity {freeze, rElec
                  | rF+ Int+3}
 26532 | D:12     | Noticed an ettin
 26533 | D:12     | Found a transporter.
 26533 | D:12     | Identified the +11 flail of Sucoap {protect, *Drain MP+9
                  | Str+3 Int+6}
 26539 | D:12     | Found a bloodstained altar of Trog.
 26546 | D:12     | Found a transporter.
 26548 | D:12     | Identified the cursed +2 glaive "Jomiuggi" {antimagic,
                  | *Slow rN+ Int+3 Stlth+}
 26782 | D:9      | Gained mutation: [Your body sometimes deteriorates upon
                  | taking damage.] [a neqoxec]
 26794 | D:9      | Gained mutation: [Scrolls take you a little longer to
                  | read.] [a neqoxec]
 26796 | D:9      | Gained mutation: You are dopey. (Int -2) [a neqoxec]
 26839 | D:9      | Killed schauveau's ghost
 26839 | D:9      | Reached skill level 1 in Fire Magic
 26983 | D:9      | Gained mutation: [Your body often deteriorates upon taking
                  | damage.] [a neqoxec]
 27208 | D:13     | Found a gate to the Vaults.
 27208 | D:13     | Noticed Rupert
 27218 | D:12     | Reached skill level 5 in Shields
 27218 | D:12     | Reached XP level 14. HP: 148/150 MP: 5/28
 27241 | D:12     | HP: 108/225 [Rupert/+1 great mace of protection (27)]
 27245 | D:12     | Killed Rupert
 27442 | D:13     | HP: 72/150 [eight-headed hydra (9)]
 27447 | D:13     | HP: 51/150 [orc priest/divine providence (14)]
 27838 | D:13     | Learned a level 3 spell: Stone Arrow
 28160 | D:13     | Reached skill level 1 in Earth Magic
 28170 | D:13     | Reached skill level 13 in Fighting
 28207 | D:13     | Identified the +7 flail of Nekam {crush, *Noise Int+4 Dex+4
                  | Stlth+}
 28221 | D:13     | HP: 76/153 [orc knight/the +7 flail of Nekam {crush, *Noise
                  | Int+4 Dex+4 Stlth+} (7)]
 28539 | D:13     | Found Biylontoj's Assorted Antiques.
 29031 | D:13     | Learned a level 6 spell: Bolt of Cold
 29232 | D:13     | Reached **** piety under Ashenzari
 29516 | D:13     | HP: 76/153 [fulminant prism[the player character] (14)]
 29523 | D:13     | HP: 64/229 [fire dragon (3)]
 29878 | D:14     | HP: 66/153 [deep elf mage/bolt of cold (14)]
 29879 | D:14     | Reached skill level 1 in Ice Magic
 30062 | D:14     | Found Wack's Gadget Shop.
 30520 | D:14     | HP: 76/153 [centaur warrior (3)]
 30525 | D:14     | HP: 67/153 [centaur warrior (8)]
 31263 | D:15     | Entered Level 15 of the Dungeon
 31263 | D:15     | Found a staircase to the Depths.
 31271 | D:15     | HP: 61/154 [ettin skeleton (24)]
 31431 | D:14     | Reached XP level 15. HP: 108/162 MP: 3/31
 32071 | D:15     | Reached skill level 14 in Fighting
 33147 | Elf:1    | Entered Level 1 of the Elven Halls
 33335 | Elf:1    | Found Cirompa's Jewellery Emporium.
 33425 | Elf:1    | HP: 77/165 [deep elf mage/bolt of lightning (17)]
 34294 | Elf:1    | Reached skill level 5 in Ice Magic
 34367 | Elf:1    | HP: 79/165 [+3 glaive of flaming (20)]
 35315 | Elf:1    | Reached skill level 15 in Fighting
 35404 | Elf:1    | Noticed a deep elf sorcerer
 35411 | Elf:1    | Killed a deep elf sorcerer
 35852 | D:8      | Bought a scroll of teleportation for 36 gold pieces
 35852 | D:8      | Bought a scroll of noise for 12 gold pieces
 35852 | D:8      | Bought a scroll of random uselessness for 12 gold pieces
 35852 | D:8      | Bought a scroll of identify for 24 gold pieces
 36278 | Elf:2    | Found a runed translucent gate.
 36278 | Elf:2    | Found a runed translucent gate.
 36278 | Elf:2    | Found a runed translucent gate.
 36317 | Elf:2    | HP: 76/167 [deep elf mage/bolt of lightning (39)]
 36325 | Elf:2    | HP: 60/167 [+1 battleaxe of electrocution (4)]
 36689 | Elf:1    | Reached XP level 16. HP: 169/176 MP: 15/33
 37371 | Elf:2    | Found Intena's Food Shop.
 37834 | Orc:2    | Bought a scroll of enchant armour for 172 gold pieces
 38039 | Depths:1 | Entered Level 1 of the Depths
 38531 | Depths:1 | Reached ***** piety under Ashenzari
 38795 | Depths:1 | Found a gateway to Hell.
 38850 | Depths:1 | HP: 88/176 [jiangshi[a vampire mage] (26)]
 38853 | Depths:1 | HP: 43/176 [jiangshi[a vampire mage] (14)]
 38925 | Depths:1 | Learned a level 5 spell: Fireball
 39481 | Orc:2    | Bought a scroll of identify for 46 gold pieces
 39483 | Orc:2    | Lost mutation: You are dopey. (Int -2) [potion of mutation]
 39483 | Orc:2    | Lost mutation: [Scrolls take you a little longer to read.]
                  | [potion of mutation]
 39483 | Orc:2    | Lost mutation: [Your body often deteriorates upon taking
                  | damage.] [potion of mutation]
 39483 | Orc:2    | Gained mutation: You are partially covered in iridescent
                  | scales. (AC +2) [potion of mutation]
 39483 | Orc:2    | Gained mutation: You passively map a small area around you.
                  | [potion of mutation]
 39797 | Depths:1 | Learned a level 3 spell: Ozocubu's Armour
 40035 | Depths:1 | Identified the Incunabulum of Transmigration
 40414 | Depths:1 | Noticed Sojobo
 40414 | Depths:1 | Noticed a tengu reaver
 40414 | Depths:1 | Noticed a tengu reaver
 40447 | Depths:1 | Killed a tengu reaver
 40811 | Depths:2 | Reached skill level 1 in Charms
 40958 | Depths:2 | HP: 63/176 [ettin/+0 dire flail (30)]
 41375 | Depths:2 | Reached skill level 5 in Evocations
 41735 | Depths:2 | Noticed a tengu reaver
 41755 | Depths:2 | Killed a tengu reaver
 41957 | Depths:2 | HP: 81/178 [frost giant/bolt of cold (16)]
 41963 | Depths:2 | HP: 54/178 [fire dragon/blast of flame (10)]
 41971 | Depths:2 | HP: 48/178 [fire dragon/blast of flame (9)]
 42748 | Depths:2 | Found a shadowy altar of Dithmenos.
 42748 | Depths:2 | Found a shadowy altar of Dithmenos.
 42749 | Depths:2 | Found an iron altar of Okawaru.
 43241 | Depths:2 | Noticed a juggernaut
 43259 | Depths:2 | HP: 59/178 [juggernaut (40)]
 43269 | Depths:2 | HP: 55/178 [juggernaut (8)]
 43282 | Depths:2 | Killed a juggernaut
 43825 | Depths:3 | Reached XP level 17. HP: 114/187 MP: 22/34
 43920 | Depths:3 | Noticed a sphinx
 43928 | Depths:2 | Killed a sphinx
 44415 | Depths:3 | Reached skill level 16 in Fighting
 44632 | Depths:3 | HP: 82/187 [spark wasp (16)]
 44637 | Depths:3 | HP: 80/187 [spark wasp (5)]
 44637 | Depths:3 | HP: 25/187 [spark wasp (16)]
 45037 | Depths:3 | HP: 89/187 [spark wasp (14)]
 45039 | Depths:2 | HP: 43/187 [spark wasp (17)]
 45041 | Depths:2 | HP: 20/187 [spark wasp (12)]
 45042 | Depths:2 | Noticed a tentacled monstrosity
 45721 | Depths:3 | HP: 82/187 [yaktaur/bolt (15)]
 45727 | Depths:2 | HP: 64/187 [spark wasp (21)]
 45728 | Depths:2 | HP: 25/187 [spark wasp (15)]
 45734 | Depths:2 | HP: 5/187 [spark wasp/living lightning (14)]
 46204 | Depths:2 | Noticed a tentacled monstrosity
 46220 | Depths:3 | Noticed Saint Roka
 46234 | Depths:3 | HP: 71/187 [orc warrior/+0 halberd[Saint Roka] (34)]
 46235 | Depths:3 | HP: 16/187 [Saint Roka/+1 bardiche (32)]
 47036 | Depths:1 | Learned a level 4 spell: Summon Ice Beast
 47178 | Depths:2 | HP: 91/187 [Saint Roka/divine providence (12)]
 47189 | Depths:2 | HP: 68/187 [Saint Roka/divine providence (12)]
 47190 | Depths:2 | Killed Saint Roka
 47661 | Depths:3 | Found Vudae's Armour Emporium.
 48320 | Depths:3 | Noticed Aizul
 48346 | Depths:3 | HP: 88/187 [frost giant/bolt of cold (20)]
 48349 | Depths:3 | Reached skill level 5 in Fire Magic
 48423 | Depths:3 | HP: 77/187 [disintegration (19)]
 48428 | Depths:3 | HP: 42/187 [disintegration (37)]
 48474 | Depths:3 | Noticed an ancient lich
 48477 | Depths:3 | HP: 60/187 [ancient lich (2)]
 48486 | Depths:3 | HP: 90/280 [ancient lich (1)]
 48491 | Depths:3 | Killed an ancient lich
 48835 | Depths:3 | Found a one-way gate leading to the halls of Pandemonium.
 48881 | Depths:3 | Identified the amulet of Rist {Regen+ SInv}
 48891 | Depths:3 | Learned a level 1 spell: Apportation
 48891 | Depths:3 | Identified Sif Muna's Tome of Creative Dark Rites
 49025 | Depths:2 | HP: 94/188 [ice dragon/blast of cold (24)]
 49030 | Depths:2 | HP: 69/188 [ice dragon (9)]
 49507 | Depths:3 | Found a gateway to a ziggurat.
 49581 | Depths:3 | HP: 89/188 [spriggan air mage/the air[a spriggan defender]
                  | (10)]
 49582 | Depths:3 | HP: 42/188 [spriggan air mage/the air[a spriggan defender]
                  | (15)]
 49582 | Depths:3 | Reached skill level 10 in Maces & Flails
 49583 | Depths:3 | HP: 3/188 [spriggan defender/+1 demon whip of venom (18)]
 49606 | Depths:3 | HP: 11/188 [fire dragon/blast of flame (25)]
 50693 | Depths:3 | Noticed a sphinx
 50693 | Depths:3 | Noticed a quicksilver dragon
 50714 | Depths:2 | Noticed a sphinx
 50716 | Depths:3 | HP: 83/188 [fire giant/bolt of fire (12)]
 50721 | Depths:3 | HP: 61/188 [poisoned by Aizul (bolt of poison)]
 50726 | Depths:3 | HP: 62/189 [poisoned by Aizul (bolt of poison)]
 50733 | Depths:3 | HP: 63/189 [poisoned by Aizul (bolt of poison)]
 50741 | Depths:3 | HP: 64/189 [poisoned by Aizul (bolt of poison)]
 50742 | Depths:3 | Reached XP level 18. HP: 67/198 MP: 8/36
 51216 | Depths:3 | HP: 90/198 [quicksilver dragon/bolt of dispelling energy
                  | (36)]
 51221 | Depths:3 | HP: 52/198 [poisoned by Aizul (poison arrow)]
 51223 | Depths:3 | HP: 19/198 [Aizul/poison arrow (17)]
 51229 | Depths:3 | HP: 18/198 [poisoned by Aizul (poison arrow)]
 51235 | Depths:3 | HP: 18/198 [poisoned by Aizul (poison arrow)]
 51243 | Depths:3 | HP: 20/198 [poisoned by Aizul (poison arrow)]
 51689 | Depths:3 | Killed a quicksilver dragon
 51689 | Depths:3 | Reached XP level 19. HP: 146/206 MP: 18/37
 51720 | Depths:3 | HP: 101/206 [Aizul/bolt of poison (6)]
 51725 | Depths:3 | Killed Aizul
 51727 | Depths:3 | HP: 101/206 [poisoned by Aizul (poison arrow)]
 51733 | Depths:3 | HP: 101/206 [poisoned by Aizul (poison arrow)]
 51741 | Depths:3 | HP: 103/206 [poisoned by Aizul (poison arrow)]
 52314 | Depths:4 | Noticed a juggernaut
 52342 | Depths:4 | HP: 74/206 [juggernaut (50)]
 52359 | Depths:3 | HP: 54/206 [ettin/+0 dire flail (25)]
 52870 | Depths:3 | Killed a juggernaut
 53207 | Depths:4 | Found a one-way gate to the infinite horrors of the Abyss.
 53211 | Depths:4 | Noticed Louise
 53224 | Depths:4 | Killed Louise
 53442 | Depths:4 | Reached skill level 17 in Fighting
 53969 | Depths:4 | Reached skill level 15 in Spellcasting
 54342 | Depths:4 | HP: 96/209 [hell knight/+4 broad axe of draining (36)]
 54371 | Depths:4 | HP: 77/209 [white very ugly thing (24)]
 54372 | Depths:4 | HP: 32/209 [cyan very ugly thing (22)]
 54372 | Depths:4 | HP: 11/209 [cyan very ugly thing (21)]
 54689 | Depths:4 | HP: 93/209 [stone giant/large rock (19)]
 55012 | D:8      | Bought a scroll of fog for 24 gold pieces
 55012 | D:8      | Bought a scroll of fog for 24 gold pieces
 55152 | D:13     | Bought a large iron ring for 125 gold pieces
 55335 | Orc:2    | Bought a potion of might for 56 gold pieces
 55335 | Orc:2    | Bought a potion of berserk rage for 70 gold pieces
 55335 | Orc:2    | Bought a potion of haste for 140 gold pieces
 55746 | Depths:4 | Voluntarily entered the Abyss.
 55845 | Abyss:2  | Found a blossoming altar of Fedhas.
 55893 | Abyss:2  | Noticed a bone dragon
 55944 | Abyss:2  | Found a corrupted altar of Lugonu.
 56317 | Abyss:2  | Found a corrupted altar of Lugonu.
 57244 | Abyss:4  | HP: 96/209 [spatial maelstrom (14)]
 57248 | Abyss:4  | HP: 42/209 [thrashing horror (7)]
 57248 | Abyss:4  | HP: 18/209 [raiju/living lightning (11)]
 57254 | Abyss:4  | HP: 16/209 [large abomination (29)]
 57255 | Abyss:4  | Slain by a spatial maelstrom

Vanquished Creatures
  An ancient lich (Depths:3)
  A juggernaut (Depths:2)
  Saint Roka (Depths:2)
  Rupert (D:12)
  A quicksilver dragon (Depths:3)
  3 sphinxes (Depths:2 Depths:3 Depths:4)
  A tentacled starspawn (Abyss:2)
  Gastronok (D:11)
  A storm dragon (Depths:3)
  2 tengu reavers (Depths:1 Depths:2)
  A revenant (Abyss:2)
  2 fire giants (Depths:3 Depths:4)
  9 frost giants (Depths:2 Depths:3 Depths:4)
  2 deep elf sorcerers (Elf:1 Depths:4)
  Aizul (Depths:3)
  An orc warlord (Orc:1)
  10 very ugly things (Depths:2 Depths:3 Depths:4)
  4 stone giants (Depths:2 Depths:4)
  2 spriggan defenders (Depths:3)
  2 deep elf demonologists (Elf:2 Depths:4)
  4 spark wasps (Depths:3 Depths:2)
  5 ettins (Depths:2 Depths:4 Depths:3)
  4 fire dragons (Depths:1 Depths:2 Depths:3 Depths:4)
  2 yaktaur captains (Depths:3 Depths:4)
  A deep elf high priest (Elf:1)
  A jiangshi (Depths:1)
  The ghost of myga the Grappler, a journeyman TrBe of Trog (Orc:1)
  An ogre mage (Depths:1)
  2 rakshasas (Depths:2 Depths:3)
  3 great orbs of eyes (Depths:2)
  3 ice dragons (Depths:1 Depths:2)
  Erolcha (D:11)
  2 spriggan air magi (Depths:2 Depths:3)
  11 centaur warriors (D:11 D:13 D:14 D:15 Depths:1)
  5 hydras (D:11 D:13 D:14 D:15)
  12 dancing weapons (Elf:1 Elf:2)
  4 two-headed ogres (Orc:2 D:12 D:13 D:14)
  2 tengu warriors (D:13 Depths:4)
  A spriggan berserker (Depths:3)
  4 vampire magi (D:15 Depths:1 Depths:2 Depths:3)
  3 orc high priests (Orc:2)
  2 deep troll earth magi (Depths:4)
  The ghost of schauveau the Markscentaur, a novice CeAM (D:9)
  4 hell knights (Depths:2 Depths:3 Depths:4)
  3 deep elf knights (Elf:1)
  2 skeletal warriors (D:14 D:15)
  A wretched star (Abyss:2)
  2 flayed ghosts (Depths:3 Depths:4)
  An unseen horror (D:13)
  2 glowing orange brains (Depths:2 Depths:4)
  2 wizards (Depths:1 Depths:3)
  A harpy (shapeshifter) (Depths:3)
  A wolf spider zombie (D:13)
  An anaconda skeleton (Abyss:2)
  3 necromancers (D:15 Depths:4)
  2 deep elf archers (Elf:1)
  Pikel (D:4)
  6 orc knights (Orc:1 Orc:2 D:13)
  2 wolf spiders (D:13 Depths:1)
  A manticore (D:13)
  A mana viper (shapeshifter) (Elf:1)
  12 ugly things (D:11 D:12 D:13 D:14 Depths:2)
  30 deep elf magi (D:14 D:15 Elf:1 Elf:2)
  7 orc sorcerers (Orc:1 Orc:2 Depths:3)
  4 cyclopes (D:11 D:13 D:14 D:15)
  A stone giant zombie (D:15)
  A salamander (shapeshifter) (D:14)
  A centaur zombie (D:13)
  An elephant (D:11)
  An eye of devastation (shapeshifter) (Depths:3)
  An orange demon (Abyss:2)
  A molten gargoyle (D:12)
  4 smoke demons (Abyss:2)
  3 gargoyles (D:11 D:12 D:14)
  A torpor snail (shapeshifter) (Abyss:2)
  A hellion (Abyss:2)
  8 yaktaurs (Depths:1 Depths:3 Depths:4)
  A yaktaur skeleton (D:15)
  A hellwing (Abyss:2)
  An ancient zyme (Abyss:2)
  3 tengu conjurers (D:13 Depths:4)
  11 trolls (D:10 D:11 Orc:1 D:13 Depths:3)
  3 meliai (D:14)
  Prince Ribbit (D:8)
  A deep troll zombie (D:15)
  4 slime creatures (D:13 Depths:4)
  A raiju (Abyss:2)
  4 hornets (D:11 D:13 Depths:3)
  3 hippogriffs (D:10 D:12)
  A tarantella (shapeshifter) (D:13)
  A centaur simulacrum (D:11)
  3 spriggans (D:10 Depths:3)
  A fire elemental (Elf:1)
  2 wyverns (D:8 D:12)
  Sigmund (D:3)
  A shadow (D:14)
  A ynoxinul (Abyss:2)
  2 air elementals (Elf:1 Elf:2)
  2 wraiths (D:14 D:15)
  An ettin skeleton (D:15)
  A water elemental (Elf:1)
  18 yaks (D:9 D:11 D:12)
  3 neqoxecs (D:9)
  A chaos spawn (Abyss:2)
  A hog (Depths:1)
  A basilisk (shapeshifter) (D:14)
  2 steam dragons (D:12)
  16 humans (D:12 D:13)
  A large abomination (Abyss:2)
  7 vampire mosquitoes (D:12)
  3 basilisks (D:11 D:12 D:15)
  4 hungry ghosts (D:11 D:12 D:14)
  Menkaure (D:7)
  3 acid dragons (D:11 D:14)
  2 insubstantial wisps (Depths:1)
  Edmund (D:4)
  2 wargs (Orc:1)
  A hell hound (Abyss:2)
  A porcupine (Depths:1)
  Purgy (Sewer)
  49 orc warriors (D:7 D:8 D:10 D:11 Orc:1)
  A black bear (shapeshifter) (Depths:2)
  3 sky beasts (D:6 D:11 D:14)
  2 eyes of draining (D:6 D:13)
  3 ice beasts (D:12 Depths:1)
  2 hornet zombies (D:13 D:15)
  A slave (D:4)
  A black bear (D:13)
  12 ogres (D:8 D:10 D:11 Orc:1 Orc:2)
  A necrophage (D:7)
  2 phantoms (D:6 D:11)
  9 boggarts (Depths:3)
  6 centaurs (D:5 D:9 D:13 D:14)
  A crocodile (D:11)
  4 big kobolds (D:11 D:15)
  11 bullfrogs (D:6 D:8 D:10 D:11 D:12)
  A gnoll sergeant (D:8)
  4 wyvern zombies (D:8 D:12 D:13)
  2 earth elementals (Elf:1)
  2 killer bees (D:10)
  3 scorpions (D:9 D:10 D:11)
  A howler monkey (D:2)
  15 wights (D:7 D:10 D:11 D:14)
  A vampire bat (Depths:1)
  7 crimson imps (D:7 D:8 D:9 D:10 D:11)
  2 bullfrog zombies (D:9 D:11)
  6 hounds (D:5 D:7 D:11 D:12)
  21 orc priests (D:7 D:11 Orc:1 Orc:2 D:13)
  2 bullfrog skeletons (D:8)
  3 jellies (D:10 D:11 D:14)
  3 quasits (D:9)
  28 orc wizards (D:7 D:8 D:9 D:10 D:11)
  4 centaur skeletons (D:5 D:7 D:14)
  An iron imp (Abyss:2)
  Jessica (D:2)
  5 iguanas (D:4 D:5 D:6 D:11)
  Natasha (thrice) (D:3)
  11 worker ants (D:4 D:6 D:7 D:9 D:10)
  3 hell rats (D:6)
  4 small abominations (Abyss:2)
  4 mummies (Ossuary)
  Robin (D:2)
  2 howler monkey skeletons (D:9 D:11)
  13 gnolls (D:2 D:8 D:7 D:9)
  5 river rats (D:6)
  11 adders (D:2 D:5 D:6 D:8 D:10)
  2 shadow imps (D:7)
  A white imp (Abyss:2)
  2 ufetubi (Abyss:2)
  2 oozes (D:1 D:3)
  2 adder skeletons (D:4 D:6)
  An adder zombie (D:9)
  6 worms (D:2 D:3 D:5 D:6)
  A dart slug (D:1)
  3 leopard geckos (D:2 D:3 D:6)
  75 orcs (D:5 D:7 D:8 D:9 D:10)
  4 ball pythons (D:3 D:4 Sewer)
  3 giant cockroaches (D:2 D:3 D:6)
  4 gnoll zombies (Ossuary)
  12 hobgoblins (D:1 D:2 D:3)
  9 jackals (D:2 D:3 D:6 D:11)
  15 kobolds (D:1 D:2 D:3 D:11 D:15)
  4 quokkas (D:6 D:7 D:12)
  5 bats (D:1 D:2)
  8 frilled lizards (D:1 D:2 Sewer)
  2 giant cockroach zombies (D:6)
  A gnoll skeleton (Ossuary)
  14 goblins (D:1 D:2 D:3 D:9)
  A goblin skeleton (Ossuary)
  3 goblin zombies (Ossuary)
  8 hobgoblin skeletons (Ossuary)
  A hobgoblin zombie (Ossuary)
  3 kobold skeletons (Ossuary)
  6 kobold zombies (Ossuary)
  A leopard gecko skeleton (D:5)
  5 orc skeletons (Ossuary)
  4 orc zombies (Ossuary)
  A quokka skeleton (D:6)
  24 rats (D:1 D:2 D:3 D:6)
  5 rat skeletons (Ossuary)
  7 rat zombies (Ossuary)
  A starspawn tentacle (Abyss:2)
878 creatures vanquished.

Vanquished Creatures (collateral kills)
  A juggernaut (Depths:3)
  Louise (Depths:4)
  A spriggan defender (Depths:3)
  2 jiangshi (Depths:1)
  Harold (D:7)
  A hell knight (Depths:3)
  A necromancer (Depths:3)
  A water moccasin (D:5)
  A killer bee (D:10)
  A hobgoblin (D:1)
  A ball python (D:5)
  4 rats (D:6)
16 creatures vanquished.

Vanquished Creatures (others)
  2 stone giants (Depths:1 Depths:3)
  A centaur warrior (D:14)
  2 deep elf archers (Elf:1)
  A cyclops (D:15)
  A yaktaur (Depths:1)
  2 centaurs (D:12 D:14)
  An orc priest (D:13)
  A white imp (Abyss:2)
  A kobold (D:15)
  A hobgoblin skeleton (Ossuary)
  A kobold skeleton (Ossuary)
  151 fulminant prisms (D:11 Orc:1 Orc:2 D:12 D:9)
  2 fungi (Depths:2)
  3 plants (D:11)
  A starspawn tentacle (Abyss:2)
  2 withered plants (D:15)
173 creatures vanquished.

Grand Total: 1067 creatures vanquished

Table legend:
 A = Turns spent in this place as a percentage of turns spent in the entire game.
 B = Non-inter-level travel turns spent in this place as a percentage of non-inter-level travel turns spent in the entire game.
 C = Inter-level travel turns spent in this place as a percentage of turns spent in this place.
 D = Turns resting spent in this place as a percentage of non-inter-level travel turns spent in this place.
 E = Turns spent auto-exploring this place as a percentage of non-inter-level travel turns spent in this place.
 F = Non-inter-level travel turns spent in this place divided by the number of levels of this place that you've seen.
                   A       B       C       D       E      F
               +-------+-------+-------+-------+-------+----------------------
         Total | 100.0 | 100.0 |   8.2 |  26.9 |  52.4 | 1751.4
       Dungeon |  50.0 |  49.7 |   8.9 |  13.5 |  67.4 | 1739.3
        Temple |   0.4 |   0.3 |  18.1 |   0.0 |  98.3 | 176.0
  Orcish Mines |   9.0 |   8.1 |  17.1 |  10.6 |  63.4 | 2131.5
   Elven Halls |   7.3 |   7.6 |   4.5 |  11.7 |  73.5 | 2007.5
        Depths |  29.1 |  29.7 |   6.4 |  55.0 |  23.6 | 3897.5
         Abyss |   2.6 |   2.9 |   0.0 |  62.2 |   0.0 | 377.2
         Sewer |   0.4 |   0.5 |   0.0 |  31.8 |  54.4 | 239.0
       Ossuary |   1.2 |   1.3 |   0.0 |  11.3 |  47.7 | 661.0
               +-------+-------+-------+-------+-------+----------------------

Table legend:
 A = Non-vault XP
 B = Vault XP
 C = Vault XP percentage of total XP
 D = Non-vault monster count
 E = Vault monster count
 F = Vault count percentage of total count
                 A         B        C        D         E       F
            +---------+---------+-------+---------+---------+-------
      Total |  159890 |  133337 |  45.5 |     579 |     321 |  35.7
            +---------+---------+-------+---------+---------+-------
        D:1 |      36 |       4 |  10.0 |      20 |       3 |  13.0
        D:2 |     181 |      57 |  23.9 |      30 |       4 |  11.8
        D:3 |     101 |     253 |  71.5 |      16 |       8 |  33.3
        D:4 |      93 |     764 |  89.1 |       5 |       2 |  28.6
        D:5 |     439 |       0 |   0.0 |      14 |       0 |   0.0
        D:6 |     591 |     198 |  25.1 |      17 |      27 |  61.4
        D:7 |    1297 |     912 |  41.3 |      23 |       2 |   8.0
        D:8 |    1026 |     274 |  21.1 |      20 |       1 |   4.8
        D:9 |    2193 |    1557 |  41.5 |      36 |      11 |  23.4
       D:10 |    2383 |     215 |   8.3 |      24 |       1 |   4.0
       D:11 |    3957 |   10097 |  71.8 |      31 |      47 |  60.3
       D:12 |    6873 |    4654 |  40.4 |      32 |      11 |  25.6
       D:13 |   12980 |    4121 |  24.1 |      40 |      12 |  23.1
       D:14 |    6618 |    4762 |  41.8 |      30 |       6 |  16.7
       D:15 |    6099 |    3917 |  39.1 |      12 |      12 |  50.0
      Orc:1 |    6852 |    1613 |  19.1 |      55 |       4 |   6.8
      Orc:2 |    2440 |    8352 |  77.4 |      29 |      24 |  45.3
      Elf:1 |   21114 |    9098 |  30.1 |      35 |      13 |  27.1
      Elf:2 |    5696 |     886 |  13.5 |       8 |       1 |  11.1
   Depths:1 |    8391 |    6730 |  44.5 |      11 |      12 |  52.2
   Depths:2 |   14034 |   34117 |  70.9 |      11 |      25 |  69.4
   Depths:3 |   34304 |   23619 |  40.8 |      42 |      23 |  35.4
   Depths:4 |   11571 |   16879 |  59.3 |      12 |      14 |  53.8
    Abyss:2 |   10621 |       0 |   0.0 |      26 |       0 |   0.0
      Sewer |       0 |     148 | 100.0 |       0 |       8 | 100.0
    Ossuary |       0 |     110 | 100.0 |       0 |      50 | 100.0
            +---------+---------+-------+---------+---------+-------
